 Dungeon Crawl Stone Soup version 0.16.0-18-g484a79e (webtiles) character file.

83 maniek23 the Insei (level 4, -5/36 HPs)
             Began as a Draconian Transmuter on Mar 22, 2015.
             Killed by nerve-wracking pain
             ... invoked by an orc priest
              (8 damage)
             ... on level 3 of the Dungeon.
             The game lasted 00:10:52 (1852 turns).

maniek23 the Insei (Draconian Transmuter)           Turns: 1852, Time: 00:10:52

Health: -5/36      AC:  5    Str: 14    XL:     4   Next: 22%
Magic:  2/7        EV: 12    Int: 14    God:    Xom [....*.]
Gold:   87         SH:  0    Dex: 12    Spells: 3 memorised, 1 level left

rFire  . . .     SeeInvis .       - Unarmed
rCold  . . .     Clarity  .     (armour unavailable)
rNeg   . . .     SustAb   .     (no shield)
rPois  .         Gourm    .     (helmet restricted)
rElec  .         Spirit   .     (no cloak)
rCorr  .         Warding  .     (no gloves)
rMut   .         Stasis   .     (boots unavailable)
MR     .....                    (no amulet)
Stlth  +.........               (no ring)
                                p - +2 ring of strength

@: appendage (expiring), not resistant to hostile enchantments, very unstealthy
A: unfitting armour, talons 3, cold-blooded, AC +5
a: End Transformation, Renounce Religion


You were on level 3 of the Dungeon.
You worshipped Xom.
You were a beloved toy of Xom.
You were hungry.
You had grown temporary talons.
You visited 1 branch of the dungeon, and saw 3 of its levels.

You collected 87 gold pieces.

Inventory:

Missiles
 b - 53 arrows
 c - 9 arrows of flame
Jewellery
 p - a +2 ring of strength (left hand)
 s - an uncursed amulet of guardian spirit {unknown}
 w - an uncursed ring of protection from magic {unknown}
Scrolls
 f - 2 scrolls of amnesia {unknown}
 g - 4 scrolls of remove curse {unknown}
 h - a scroll of immolation {unknown}
 j - a scroll of teleportation {unknown}
 m - a scroll of fear {unknown}
 t - a scroll of identify {unknown}
 u - 2 scrolls of enchant weapon {unknown}
Potions
 e - a potion of resistance {unknown}
 i - 5 potions of curing {unknown}
 l - a potion of restore abilities {unknown}
 q - a potion of degeneration {unknown}
 v - a potion of berserk rage {unknown}
Books
 d - a book of Changes

   Spells                             Type                      Level
   a - Beastly Appendage              Transmutation                1
   b - Sticks to Snakes               Transmutation                2
   c - Spider Form                    Transmutation/Poison         3
   d - Ice Form                       Ice/Transmutation            4
   e - Blade Hands                    Transmutation                5
Comestibles
 a - 4 bread rations
 k - a beef jerky
 n - a slice of pizza
 o - a meat ration
 r - 2 chunks of flesh


   Skills:
 + Level 2.1 Fighting
 + Level 2.1 Dodging
 + Level 0.8 Stealth
 + Level 3.9 Unarmed Combat
 + Level 2.2 Spellcasting
 + Level 2.5 Transmutations


You had one spell level left.
You knew the following spells:

 Your Spells              Type           Power        Failure   Level  Hunger
a - Beastly Appendage     Trmt           #.....       10%         1    #......
b - Sticks to Snakes      Trmt           #.........   14%         2    ###....
c - Spider Form           Trmt/Pois      #.........   47%         3    ###....


Dungeon Overview and Level Annotations

Branches:
Dungeon (3/15)

Altars:
Makhleb
Xom

Annotations:
D:3 herpmino's ghost, weakling DsMo


Innate Abilities, Weirdness & Mutations

Your plain brown scales are hard (AC +5).
Your body does not fit into most forms of armour.
Your cold-blooded metabolism reacts poorly to cold.
You have claws for feet.


Message History

Your transformation is almost over.
The orc priest mumbles some strange prayers to Beogh against you.
Pain shoots through your body!
* * * LOW HITPOINT WARNING * * *
Your ball python closely misses herpmino's ghost.
Your ball python barely misses herpmino's ghost.
The orc priest hits you but does no damage.
Your ball python misses the giant newt.
Your ball python closely misses the giant newt.
Your ball python barely misses the giant newt.
Your ball python completely misses the giant newt.
Xom gives a demonstration of destructive might.
The orc priest is outlined in light.
The giant newt is outlined in light.
Herpmino's ghost is outlined in light.
You are now a beloved toy of Xom.
Your ball python bites the giant newt.
The giant newt dies!
The orc priest invokes the aid of Beogh against you.
Pain shoots through your body!
You die...

#.%W.# #.#### #. #. #. #.
########## #. #..).)...#
#######.#####..[.....#
#......S.Wo..@.......'..#
#.......#####........####
....... #........#
....... #........#
....... #........# #####.
#.....)..# #. ##########
#. #


You could see an orc priest, herpmino's ghost and a friendly ball python.

Vanquished Creatures
  2 adders
  2 worms (D:2)
  A giant gecko (D:2)
  5 orcs (D:3)
  2 bats
  2 giant cockroaches
  7 hobgoblins
  3 jackals (D:2)
  A quokka (D:3)
  A giant newt (D:1)
  2 goblins
  9 kobolds
  11 rats
48 creatures vanquished.

Vanquished Creatures (collateral kills)
  An orc (D:3)
  A giant newt (D:3)
2 creatures vanquished.

Vanquished Creatures (others)
  A crimson imp (D:3)
  2 ufetubi (D:3)
3 creatures vanquished.

Grand Total: 53 creatures vanquished

Notes
Turn   | Place    | Note
--------------------------------------------------------------
     0 | D:1      | maniek23, the Draconian Transmuter, began the quest for the Orb.
     0 | D:1      | Reached XP level 1. HP: 16/16 MP: 3/3
   306 | D:1      | Reached XP level 2. HP: 23/23 MP: 2/4
   590 | D:1      | Learned a level 2 spell: Sticks to Snakes
   821 | D:2      | Reached XP level 3. HP: 23/28 MP: 6/6
  1298 | D:2      | Found a burning altar of Makhleb.
  1299 | D:2      | Found a shimmering altar of Xom.
  1307 | D:2      | Became a worshipper of Xom of Bone-Dry Humour
  1485 | D:3      | XOM: potion effect (berserk rage)
  1549 | D:3      | Reached XP level 4. HP: 29/36 MP: 7/7
  1601 | D:3      | Learned a level 3 spell: Spider Form
  1731 | D:3      | XOM: silly message
  1735 | D:3      | Noticed herpmino's ghost (weakling DsMo)
  1739 | D:3      | XOM: summons 4 friendly demons
  1766 | D:3      | XOM: 4-stop teleportation journey
  1811 | D:3      | XOM: scenery: 1 doors open
  1850 | D:3      | XOM: fake destruction
  1852 | D:3      | Killed from afar by an orc priest

Action                   |  1- 3 |  4- 6 || total
-------------------------+-------+-------++-------
Melee: Unarmed           |   128 |    53 ||   181
 Cast: Beastly Appendage |     5 |     4 ||     9
       Sticks to Snakes  |     3 |     3 ||     6
       Spider Form       |       |     1 ||     1
 Stab: Distracted        |       |     1 ||     1
  Eat: Chunk             |     3 |     1 ||     4
